[Event "CCT Chessable Masters Place D-III 2024"]
[Site "Online"]
[Date "2024.02.01"]
[Round "1"]
[White "Dubov, Daniil"]
[Black "Le, Tuan Minh"]
[Result "1-0"]
[ECO "A07"]
[WhiteElo "2708"]
[BlackElo "2567"]
[Annotator "TA"]
[PlyCount "61"]
[EventDate "2024.01.12"]
[EventType "k.o."]
[EventCountry "NET"]
[SourceTitle "playchess.com"]
[Source "ChessBase"]
[SourceQuality "1"]
[TimeControl "600+2"]

1. g3 d5 2. Bg2 Nf6 3. Nf3 Nbd7 4. O-O e5 5. d3 c6 6. a4 a5 7. Nc3 Bb4 8. e4 {[%emt 0:00:10] The position is equal.} dxe4 9. Nxe4 O-O 10. Bg5 Be7 11. Nxf6+ Bxf6 12. Bxf6 Qxf6 13. Re1 e4 14. Nd2 exd3 15. Ne4 {[%emt 0:00:03] Against Nc5} Qxb2 16. Qxd3 Ne5 17. Qd6 {[%emt 0:00:07][%mdl 1024] aiming for Rab1. White has compensation.} Nc4 18. Qc5 Qb4 19. Qh5 {[%emt 0:00:32] Rab1 would now be deadly.} h6 20. c3 Qb6 (20... Qb2 $11 {keeps the balance.}) 21. Bf1 $1 $16 Be6 22. Bxc4 Bxc4 23. Nf6+ $1 gxf6 {[%emt 0:00:17] [#]} (23... Kh8 $16 {is a better defense.}) 24. Re4 $1 $18 {[%emt 0:00:17] Rg4+ would kill now.} Bd3 $2 (24... f5 25. Qxf5 (25. Rxc4 Qb3 $18) 25... Be2) 25. Rg4+ Bg6 26. Qxh6 {[%emt 0:00:00] White threatens Rh4 and mate.} Qb2 {[%emt 0:02:05] [#]} 27. Rh4 $1 {[%emt 0:00:33][%csl Gh4][%cal Rh6h8] White mates.} Qxa1+ 28. Kg2 Be4+ 29. Rxe4 Qd1 30. Rh4 Qd5+ {[%emt 0:00:00] [#]} 31. f3 $1 {[%emt 0:00:01] Weighted Error Value: White=0.04 (flawless) /Black=0.44.  Mistake:       	---       	Black=3      Inaccurate:     	White=1     	Black=1      OK:         	White=6     	Black=6      Best:        	White=1     	Black=2      Strong:       	White=2     	---} 1-0

[Event "CCT Chessable Masters Place D-III 2024"]
[Site "Online"]
[Date "2024.02.01"]
[Round "1"]
[White "Tabatabaei, M. Amin"]
[Black "Vidit, Santosh Gujrathi"]
[Result "1/2-1/2"]
[ECO "D30"]
[WhiteElo "2696"]
[BlackElo "2742"]
[Annotator "TA"]
[PlyCount "111"]
[EventDate "2024.01.12"]
[EventType "k.o."]
[EventCountry "NET"]
[SourceTitle "playchess.com"]
[Source "ChessBase"]
[SourceQuality "1"]
[TimeControl "600+2"]

1. d4 d5 2. c4 e6 3. Nf3 Nf6 4. e3 Bd6 5. c5 Be7 {[%emt 0:00:02] The position is equal.} 6. b4 O-O 7. Bb2 b6 8. Nc3 a5 9. a3 c6 10. Bd3 Ba6 11. O-O Bxd3 12. Qxd3 Nbd7 13. Rfc1 Qb8 14. Qc2 Qb7 15. h3 Rfb8 {[%emt 0:00:02][%cal Rb6c5] ...bxc5 would now be deadly.} 16. Rcb1 Bd8 17. Na4 axb4 18. axb4 Ne4 19. Bc1 Bf6 20. Nd2 Nxd2 $1 21. Bxd2 e5 22. dxe5 Bxe5 23. Bc3 Bxc3 24. Qxc3 bxc5 25. Nxc5 Nxc5 26. Rxa8 Qxa8 27. Qxc5 $11 {[%emt 0:00:02][%mdl 4096] Endgame. KQR-KQR} h6 28. Rc1 Qb7 29. Qxc6 Qxc6 30. Rxc6 Rxb4 {[%emt 0:00:01] KR-KR} 31. Rd6 Rb1+ 32. Kh2 Rb2 33. Kg3 Rd2 34. Rd8+ Kh7 35. Kf3 h5 36. h4 g6 37. Ra8 Kg7 38. Ra6 d4 39. e4 Rd3+ 40. Ke2 Rb3 41. Rd6 Rb2+ 42. Kf3 Rb3+ 43. Kf4 Rb2 44. Kg3 Rd2 45. Kf3 Kf8 46. g3 Ke7 47. Ra6 Rb2 48. Ra4 Rd2 49. Ra6 Rb2 50. Ra4 Rd2 51. Ra7+ Ke6 52. Ra6+ Ke5 53. Ra5+ Ke6 54. Ra6+ Ke5 55. Ra5+ Ke6 56. Ra6+ {[%emt 0:00:00] An interesting draw.   Weighted Error Value: White=0.01 (flawless) /Black=0.01 (flawless) .  Inaccurate:     	---       	Black=1      OK:         	White=15    	Black=26     Best:        	---       	Black=1      Strong:       	---       	Black=1} 1/2-1/2

[Event "CCT Chessable Masters Place D-III 2024"]
[Site "Online"]
[Date "2024.02.01"]
[Round "1"]
[White "Sarana, Alexey"]
[Black "Samant Aditya S"]
[Result "1/2-1/2"]
[ECO "D53"]
[WhiteElo "2695"]
[BlackElo "2512"]
[Annotator "ChessBase"]
[PlyCount "82"]
[EventDate "2024.01.12"]
[EventType "k.o."]
[EventCountry "NET"]
[SourceTitle "playchess.com"]
[Source "ChessBase"]
[SourceQuality "1"]
[TimeControl "600+2"]

1. d4 Nf6 2. c4 e6 3. Nf3 d5 4. Nc3 Be7 5. Bg5 h6 6. Bxf6 Bxf6 7. cxd5 exd5 8. Qb3 c6 9. e3 O-O 10. Bd3 Qb6 11. Qc2 Be6 12. O-O Nd7 13. Rab1 a5 14. a3 Qc7 15. h3 Qd6 16. Rfc1 g6 17. Ne2 Rfc8 18. Nf4 Nf8 19. b4 axb4 20. axb4 Bd7 21. Qb2 Ne6 22. Ne5 Bxe5 23. dxe5 Qe7 24. Ne2 Ra7 25. f4 Rca8 26. Nc3 d4 27. exd4 Nxf4 28. Bf1 Qg5 29. Kh1 Bf5 30. Ra1 Rxa1 31. Rxa1 Rxa1 32. Qxa1 Qg3 33. Qc1 Qf2 34. e6 Bxe6 35. Ne4 Ne2 36. Bxe2 Qxe2 37. Nf6+ Kg7 38. Ne8+ Kh7 39. Nf6+ Kg7 40. Ne8+ Kf8 41. Nf6 Kg7 1/2-1/2

[Event "CCT Chessable Masters Place D-III 2024"]
[Site "Online"]
[Date "2024.02.01"]
[Round "1"]
[White "evgchess5"]
[Black "Dreev, Aleksey"]
[Result "0-1"]
[ECO "B13"]
[WhiteElo "2693"]
[BlackElo "2606"]
[Annotator "ChessBase"]
[PlyCount "66"]
[EventDate "2024.01.12"]
[EventType "k.o."]
[EventCountry "NET"]
[SourceTitle "playchess.com"]
[Source "ChessBase"]
[SourceQuality "1"]
[TimeControl "600+2"]

1. e4 c6 2. d4 d5 3. exd5 cxd5 4. Bd3 Nc6 5. c3 Qc7 6. h3 e6 7. Nf3 Bd6 8. O-O Nge7 9. Re1 Ng6 10. c4 dxc4 11. Bxc4 O-O 12. Nc3 a6 13. d5 Nce5 14. Bb3 Nxf3+ 15. Qxf3 e5 16. Ne4 f5 17. Nxd6 Qxd6 18. Bd2 Bd7 19. Rac1 a5 20. a3 h6 21. Ba2 Kh7 22. Qg3 f4 23. Qc3 Nh4 24. Kh2 Qg6 25. Rg1 Rae8 26. Rce1 e4 27. Qc7 Rf7 28. Qc4 Bxh3 29. gxh3 Nf3+ 30. Kh1 Qf5 31. Rg4 Nxd2 32. Qc3 Nf3 33. Rd1 h5 0-1

[Event "CCT Chessable Masters Place D-III 2024"]
[Site "Online"]
[Date "2024.02.01"]
[Round "1"]
[White "Deac, Bogdan-Daniel"]
[Black "Smirnov, Pavel"]
[Result "1/2-1/2"]
[ECO "C93"]
[WhiteElo "2690"]
[BlackElo "2526"]
[Annotator "ChessBase"]
[PlyCount "125"]
[EventDate "2024.01.12"]
[EventType "k.o."]
[EventCountry "NET"]
[SourceTitle "playchess.com"]
[Source "ChessBase"]
[SourceQuality "1"]
[TimeControl "600+2"]

1. e4 e5 2. Nf3 Nc6 3. Bb5 a6 4. Ba4 Nf6 5. O-O Be7 6. d3 b5 7. Bb3 d6 8. c3 O-O 9. h3 Re8 10. Ng5 Rf8 11. Re1 h6 12. Nf3 Bb7 13. a4 Na5 14. Ba2 c5 15. Na3 Qd7 16. axb5 axb5 17. Be3 Rfc8 18. b4 cxb4 19. cxb4 Nc6 20. Qb3 d5 21. Nc2 Ra4 22. Bd2 Rd8 23. Qb2 Rda8 24. Bc3 d4 25. Bd2 Bd6 26. Bb3 Rxa1 27. Rxa1 Rxa1+ 28. Qxa1 Bc8 29. Nh4 Qe7 30. Qa8 Qb7 31. Qa2 Nd8 32. g4 Be6 33. Nf5 Bf8 34. Ne1 Kh7 35. Ng2 g6 36. Ng3 Bxb3 37. Qxb3 Ne6 38. f4 exf4 39. Nxf4 Qc7 40. Nge2 Ng7 41. Kg2 Bd6 42. Kf3 Be5 43. Ng3 g5 44. Nfe2 Ne6 45. Nf5 h5 46. Qa2 hxg4+ 47. hxg4 Kg6 48. Neg3 Qd8 49. Nh5 Nxh5 50. gxh5+ Kxh5 51. Qa1 Kg6 52. Qh1 Qh8 53. Ne7+ Kg7 54. Qxh8+ Kxh8 55. Nc6 Bf4 56. Bxf4 Nxf4 57. Nxd4 Nxd3 58. Nxb5 Nxb4 59. Kg4 f6 60. e5 fxe5 61. Kxg5 e4 62. Kf4 e3 63. Kxe3 1/2-1/2

[Event "CCT Chessable Masters Place D-III 2024"]
[Site "Online"]
[Date "2024.02.01"]
[Round "1"]
[White "Saric, Ivan"]
[Black "youngKID"]
[Result "0-1"]
[ECO "C92"]
[WhiteElo "2689"]
[BlackElo "2519"]
[Annotator "ChessBase"]
[PlyCount "200"]
[EventDate "2024.01.12"]
[EventType "k.o."]
[EventCountry "NET"]
[SourceTitle "playchess.com"]
[Source "ChessBase"]
[SourceQuality "1"]
[TimeControl "600+2"]

1. e4 e5 2. Nf3 Nc6 3. Bb5 a6 4. Ba4 Nf6 5. O-O Be7 6. Re1 b5 7. Bb3 d6 8. c3 O-O 9. h3 Bb7 10. d4 Re8 11. Nbd2 Bf8 12. a4 h6 13. Bc2 exd4 14. cxd4 Nb4 15. Bb1 c5 16. d5 g6 17. Nf1 Bg7 18. N1h2 Qd7 19. Ra3 Re7 20. axb5 axb5 21. Rxa8+ Bxa8 22. Bd2 Na6 23. Qc1 Kh7 24. g4 Qe8 25. g5 hxg5 26. Bxg5 Nc7 27. e5 Nfxd5 28. Bxe7 Qxe7 29. Ng4 dxe5 30. Ngxe5 Ne6 31. Nxg6 Qf6 32. Rxe6 fxe6 33. Qxc5 Qxb2 34. Be4 Nf6 35. Nf8+ Kg8 36. Bxa8 Bxf8 37. Qc6 Qb1+ 38. Kh2 Qf5 39. Kg2 Nd5 40. Qc1 Nf4+ 41. Kh1 Qxh3+ 42. Nh2 Bd6 43. Qg1+ Kf7 44. Qg4 Qd3 45. Nf3 Qd1+ 46. Qg1 Qd3 47. Ng5+ Ke7 48. Be4 Qc3 49. Qg4 Qh8+ 50. Kg1 Qa1+ 51. Kh2 Qf6 52. Kg1 b4 53. Nf3 Qa1+ 54. Kh2 Qh8+ 55. Qh4+ Qxh4+ 56. Nxh4 b3 57. Kg1 Ne2+ 58. Kf1 Nc3 59. Bd3 b2 60. Nf3 b1=Q+ 61. Bxb1 Nxb1 62. Ke2 Nc3+ 63. Kd3 Nd5 64. Nd4 Bc5 65. Nc6+ Kd6 66. Na5 Bxf2 67. Nc4+ Ke7 68. Ke4 Nf6+ 69. Kf3 Ba7 70. Na5 Bb6 71. Nc4 Bc7 72. Ke3 Nd7 73. Ke4 Kf6 74. Kd4 Nb6 75. Na3 Be5+ 76. Ke4 Nd7 77. Nb5 Nc5+ 78. Ke3 Kf5 79. Na3 Bf4+ 80. Kf3 e5 81. Nc4 e4+ 82. Ke2 Ne6 83. Kf2 Nd4 84. Ke1 e3 85. Nxe3+ Bxe3 86. Kf1 Kf4 87. Kg2 Nf3 88. Kf1 Nd2+ 89. Ke2 Ke4 90. Ke1 Kd3 91. Kd1 Bf2 92. Kc1 Nc4 93. Kd1 Ne3+ 94. Kc1 Kc3 95. Kb1 Kb3 96. Kc1 Be1 97. Kb1 Bd2 98. Ka1 Nc2+ 99. Kb1 Na3+ 100. Ka1 Bc3# 0-1

[Event "CCT Chessable Masters Place D-III 2024"]
[Site "Online"]
[Date "2024.02.01"]
[Round "1"]
[White "Sargissian, Gabriel"]
[Black "Lupulescu, Constantin"]
[Result "1-0"]
[ECO "D27"]
[WhiteElo "2672"]
[BlackElo "2589"]
[Annotator "ChessBase"]
[PlyCount "101"]
[EventDate "2024.01.12"]
[EventType "k.o."]
[EventCountry "NET"]
[SourceTitle "playchess.com"]
[Source "ChessBase"]
[SourceQuality "1"]
[TimeControl "600+2"]

1. d4 Nf6 2. c4 e6 3. Nf3 d5 4. e3 Be7 5. b3 O-O 6. Bb2 dxc4 7. Bxc4 a6 8. O-O b5 9. Be2 Bb7 10. a4 b4 11. Nbd2 c5 12. Nc4 Nbd7 13. a5 Qc7 14. Nfe5 Rad8 15. Bf3 Nxe5 16. Nxe5 Nd7 17. Bxb7 Qxb7 18. Qf3 Qxf3 19. Nxf3 Rc8 20. Rfc1 Bf6 21. Kf1 Rfd8 22. Ke2 Kf8 23. Rab1 cxd4 24. Bxd4 Bxd4 25. Nxd4 Nc5 26. Rc4 Nxb3 27. Nxe6+ Ke7 28. Rxc8 Rxc8 29. Rxb3 fxe6 30. Rxb4 Rc2+ 31. Kf3 Ra2 32. Rh4 h6 33. Rh5 Kf6 34. Rc5 g6 35. Kg3 h5 36. f4 Ra3 37. Kf3 Kf7 38. h3 h4 39. Rc7+ Kf6 40. Rh7 Rxa5 41. Rxh4 e5 42. Rh8 exf4 43. exf4 Ra1 44. Ra8 a5 45. Kg4 Ra2 46. Ra6+ Kg7 47. g3 Ra3 48. Kh4 Kf7 49. g4 Rf3 50. Kg5 Rxh3 51. Ra7+ 1-0

[Event "CCT Chessable Masters Place D-III 2024"]
[Site "Online"]
[Date "2024.02.01"]
[Round "1"]
[White "Predke, Alexandr"]
[Black "rasmussvane"]
[Result "1/2-1/2"]
[ECO "D02"]
[WhiteElo "2668"]
[BlackElo "2605"]
[Annotator "ChessBase"]
[PlyCount "310"]
[EventDate "2024.01.12"]
[EventType "k.o."]
[EventCountry "NET"]
[SourceTitle "playchess.com"]
[Source "ChessBase"]
[SourceQuality "1"]
[TimeControl "600+2"]

1. d4 Nf6 2. Nf3 d5 3. Bf4 c5 4. e3 e6 5. Nbd2 Qb6 6. Qb1 Bd6 7. Bg3 O-O 8. c3 Qc7 9. dxc5 Qxc5 10. Bd3 Nbd7 11. e4 dxe4 12. Bxe4 h6 13. O-O Bxg3 14. hxg3 Qc7 15. c4 Rd8 16. Re1 Nxe4 17. Qxe4 Nc5 18. Qe2 b6 19. Ne4 Nxe4 20. Qxe4 Bb7 21. Qe2 Rd6 22. Rad1 Rad8 23. b3 Qc5 24. Rxd6 Qxd6 25. Qe5 Qxe5 26. Nxe5 f6 27. Ng4 Rd2 28. a4 Kf7 29. a5 Rb2 30. axb6 axb6 31. Ra1 Be4 32. Ra7+ Kg6 33. Re7 e5 34. Ne3 h5 35. Nd5 Rxb3 36. Rb7 Bxd5 37. cxd5 Rd3 38. Rxb6 Rxd5 39. f3 Kf5 40. Rb4 Rd4 41. Rb5 g6 42. Ra5 Ke6 43. Ra6+ Rd6 44. Ra8 Rd5 45. Ra6+ Kf5 46. Ra4 Rd6 47. Ra5 Rb6 48. Ra8 Rb4 49. Kh2 Rb6 50. Rg8 Re6 51. Ra8 e4 52. fxe4+ Rxe4 53. Ra6 Kg5 54. Rb6 Re5 55. Ra6 Rc5 56. Rb6 Ra5 57. Rc6 Rb5 58. Ra6 Rd5 59. Rb6 Re5 60. Ra6 Kf5 61. Rb6 Ra5 62. Rc6 Rb5 63. Ra6 Rd5 64. Rb6 Kg5 65. Ra6 Re5 66. Rb6 f5 67. Ra6 Re4 68. Rb6 Kh6 69. Ra6 Kg7 70. Ra7+ Kf6 71. Ra6+ Re6 72. Ra8 Rd6 73. Rb8 Ke5 74. Rb4 Ke6 75. Rb8 Kf6 76. Ra8 Kg5 77. Ra4 Re6 78. Rb4 Kf6 79. Rb8 Rc6 80. Ra8 Kg5 81. Ra4 Rd6 82. Rb4 Ra6 83. Rc4 Re6 84. Rb4 Re4 85. Rb6 Rg4 86. Ra6 Rb4 87. Rc6 h4 88. gxh4+ Rxh4+ 89. Kg3 Rg4+ 90. Kh3 Rb4 91. g3 Rb5 92. Ra6 Rb4 93. Rc6 Rd4 94. Rb6 Kh5 95. Rb8 Rd3 96. Rb5 Kh6 97. Kg2 Kg5 98. Kh3 Ra3 99. Rc5 Kh6 100. Kg2 Kh5 101. Kh3 Ra4 102. Rb5 Re4 103. Rc5 Kg5 104. Rb5 Re6 105. Ra5 Rb6 106. Rc5 Rb3 107. Ra5 Rb6 108. Rc5 Kf6 109. Ra5 Re6 110. Rb5 g5 111. Kg2 Rd6 112. Ra5 Rb6 113. Rc5 Ra6 114. Rb5 Rc6 115. Ra5 Rc2+ 116. Kf1 Rd2 117. Kg1 Rd4 118. Rb5 Ke6 119. Ra5 Rd5 120. Ra8 Ke5 121. Re8+ Kd4 122. Kf2 Re5 123. Rg8 g4 124. Ra8 Rc5 125. Ra4+ Kd3 126. Rf4 Rd5 127. Kg2 Ke3 128. Kg1 Rc5 129. Kg2 Rb5 130. Kg1 Ke2 131. Kg2 Ke1 132. Kg1 Ra5 133. Kg2 Rc5 134. Kg1 Re5 135. Kg2 Ra5 136. Kg1 Ke2 137. Kg2 Ke3 138. Kg1 Kd3 139. Kg2 Kd2 140. Kg1 Ke1 141. Kg2 Re5 142. Kg1 Re3 143. Kg2 Re2+ 144. Kg1 Re5 145. Kg2 Kd2 146. Kg1 Ke3 147. Kg2 Kd3 148. Kg1 Re3 149. Kg2 Re2+ 150. Kg1 Re5 151. Kg2 Ke3 152. Kg1 Rc5 153. Kg2 Rb5 154. Kg1 Ra5 155. Kg2 Rc5 1/2-1/2

[Event "CCT Chessable Masters Place D-III 2024"]
[Site "Online"]
[Date "2024.02.01"]
[Round "1"]
[White "Matlakov, Maxim"]
[Black "Guseinov, Gadir"]
[Result "1-0"]
[ECO "B38"]
[WhiteElo "2662"]
[BlackElo "2636"]
[Annotator "ChessBase"]
[PlyCount "99"]
[EventDate "2024.01.12"]
[EventType "k.o."]
[EventCountry "NET"]
[SourceTitle "playchess.com"]
[Source "ChessBase"]
[SourceQuality "1"]
[TimeControl "600+2"]

1. d4 Nf6 2. c4 g6 3. Nc3 Bg7 4. e4 d6 5. Nf3 O-O 6. Be2 c5 7. O-O cxd4 8. Nxd4 Nc6 9. Be3 Nxd4 10. Bxd4 Bd7 11. Qc2 a5 12. Rad1 a4 13. b4 axb3 14. axb3 Qa5 15. Bxf6 Bxf6 16. Nd5 Bc6 17. b4 Qa2 18. Qxa2 Rxa2 19. Nxf6+ exf6 20. Bf3 f5 21. exf5 Bxf3 22. gxf3 Rc2 23. Rxd6 Rxc4 24. Rb6 Rf4 25. Rxb7 Rxf5 26. b5 Rd8 27. Rb1 Rdd5 28. b6 Rb5 29. Rxb5 Rxb5 30. Kf1 Rb2 31. Ke1 Kg7 32. Kd1 Rxf2 33. Rc7 Rxf3 34. b7 Rb3 35. Kc2 Rb5 36. Kd3 g5 37. Kc4 Rb1 38. Kd5 h5 39. Kc6 g4 40. Rd7 h4 41. Rd5 Rxb7 42. Kxb7 Kg6 43. Kc6 f5 44. Kc5 Kg5 45. Kd4 Kf4 46. Kd3 g3 47. hxg3+ Kxg3 48. Ke2 h3 49. Kf1 f4 50. Kg1 1-0

[Event "CCT Chessable Masters Place D-III 2024"]
[Site "Online"]
[Date "2024.02.01"]
[Round "1"]
[White "Bluebaum, Matthias"]
[Black "BilodeauA"]
[Result "1/2-1/2"]
[ECO "D05"]
[WhiteElo "2655"]
[BlackElo "2603"]
[Annotator "ChessBase"]
[PlyCount "85"]
[EventDate "2024.01.12"]
[EventType "k.o."]
[EventCountry "NET"]
[SourceTitle "playchess.com"]
[Source "ChessBase"]
[SourceQuality "1"]
[TimeControl "600+2"]

1. d4 Nf6 2. Nf3 e6 3. e3 d5 4. Bd3 Be7 5. Nbd2 O-O 6. e4 dxe4 7. Nxe4 Nbd7 8. c3 b6 9. O-O Bb7 10. Qe2 c5 11. Nxf6+ Bxf6 12. Rd1 cxd4 13. Nxd4 Bxd4 14. Bb5 a6 15. Bxd7 Qxd7 16. Rxd4 Qc6 17. f3 Rad8 18. Be3 e5 19. Rxd8 Rxd8 20. Rd1 Rxd1+ 21. Qxd1 Qd5 22. Qxd5 Bxd5 23. Bxb6 Bxa2 24. Kf2 f6 25. Ke3 Bc4 26. f4 exf4+ 27. Kxf4 Kf7 28. Ke4 Ke6 29. g3 Kd6 30. Kd4 Bb3 31. Bc5+ Kc6 32. Bf8 g6 33. Be7 Bc2 34. Bxf6 h5 35. c4 Bb1 36. Kc3 Bf5 37. Kb4 Bd3 38. b3 Bc2 39. Bg5 Bd1 40. Kc3 Bg4 41. Kd4 Bd1 42. b4 Bc2 43. Bd2 1/2-1/2

[Event "CCT Chessable Masters Place D-III 2024"]
[Site "Online"]
[Date "2024.02.01"]
[Round "1"]
[White "MashaPutina"]
[Black "Drags95"]
[Result "1-0"]
[ECO "E15"]
[WhiteElo "2640"]
[BlackElo "2469"]
[Annotator "NA"]
[PlyCount "131"]
[EventDate "2024.01.12"]
[EventType "k.o."]
[EventCountry "NET"]
[SourceTitle "playchess.com"]
[Source "ChessBase"]
[SourceQuality "1"]
[TimeControl "600+2"]

1. d4 Nf6 2. c4 e6 3. Nf3 b6 4. g3 Ba6 5. b3 Bb4+ 6. Bd2 Be7 7. Bg2 O-O 8. O-O d5 9. cxd5 exd5 10. Nc3 Re8 11. Ne5 Bb7 12. Rc1 h6 13. Qc2 Nbd7 14. Bf4 Nf8 15. Rfd1 Ne6 16. Be3 Ba3 17. Rb1 Bf8 18. b4 c6 19. a4 Rc8 20. Qb3 Bd6 21. b5 Nxd4 22. Nxf7 Nxb3 23. Nxd8 Rexd8 24. Rxb3 Bc5 25. Bxc5 bxc5 26. b6 c4 27. Rbb1 a5 28. e3 Rb8 29. Ne2 Nd7 30. e4 Nc5 31. exd5 cxd5 32. Rb5 Nxa4 33. Ra1 Bc6 34. Rxa5 Nxb6 35. Nd4 Be8 36. Rb1 c3 37. Ra6 Nc4 38. Rxb8 Rxb8 39. Bxd5+ Bf7 40. Bxf7+ Kxf7 41. Rc6 Rb4 42. Kg2 Ne5 43. Rc7+ Kf6 44. Ne2 Rc4 45. Rxc4 Nxc4 46. Nxc3 g5 47. Kf3 Kf5 48. Nd5 Ne5+ 49. Kg2 g4 50. Ne3+ Ke4 51. Nxg4 Nxg4 52. f3+ Kf5 53. fxg4+ Kxg4 54. h3+ Kg5 55. Kf3 Kf5 56. g4+ Kg5 57. Kg3 Kg6 58. Kf4 Kf6 59. h4 Ke6 60. Ke4 Kf6 61. Kd5 Kf7 62. Ke5 Ke7 63. Kf5 Kf7 64. h5 Kg7 65. Ke6 Kg8 66. Kf6 1-0

[Event "CCT Chessable Masters Place D-III 2024"]
[Site "Online"]
[Date "2024.02.01"]
[Round "1"]
[White "Zlatan56"]
[Black "Kovalev, Vladislav"]
[Result "1/2-1/2"]
[ECO "C84"]
[WhiteElo "2634"]
[BlackElo "2579"]
[Annotator "NA"]
[PlyCount "122"]
[EventDate "2024.01.12"]
[EventType "k.o."]
[EventCountry "NET"]
[SourceTitle "playchess.com"]
[Source "ChessBase"]
[SourceQuality "1"]
[TimeControl "600+2"]

1. e4 e5 2. Nf3 Nc6 3. Bb5 a6 4. Ba4 Nf6 5. O-O Be7 6. d3 b5 7. Bb3 d6 8. a4 Rb8 9. axb5 axb5 10. h3 O-O 11. Bd2 h6 12. Nc3 Be6 13. Nd5 Qd7 14. Ra6 Nd8 15. Ra7 Rb7 16. Ra8 c6 17. Nxe7+ Qxe7 18. c3 Bxb3 19. Qxb3 Ne6 20. Rfa1 Rxa8 21. Rxa8+ Kh7 22. Be3 c5 23. Qc2 Ra7 24. Rxa7 Qxa7 25. b4 Qa1+ 26. Kh2 cxb4 27. cxb4 Qa3 28. Bd2 g6 29. Bc3 Qa8 30. Qd2 Qa4 31. Qe3 Qb3 32. Bd2 g5 33. g3 Kg7 34. Kg2 Qc2 35. h4 Nh7 36. hxg5 hxg5 37. d4 g4 38. Nh2 exd4 39. Qe2 d3 40. Qxg4+ Kf8 41. Nf3 Nf6 42. Qf5 Ke7 43. Qxb5 Kf8 44. Qf5 Ke7 45. e5 dxe5 46. Qxe5 Qc6 47. b5 Qe4 48. Qxe4 Nxe4 49. Be3 Kd6 50. Nd2 Nxd2 51. Bxd2 Kc5 52. Kf3 Kxb5 53. Ke4 Kc4 54. f4 Nc5+ 55. Kf5 Nb3 56. Be3 Kd5 57. g4 d2 58. Bxd2 Nxd2 59. Kf6 Ke4 60. Kxf7 Kxf4 61. g5 Kxg5 1/2-1/2

[Event "CCT Chessable Masters Place D-III 2024"]
[Site "Online"]
[Date "2024.02.01"]
[Round "1"]
[White "Fandorine"]
[Black "ViIIagra"]
[Result "1/2-1/2"]
[ECO "A22"]
[WhiteElo "2619"]
[BlackElo "2585"]
[Annotator "ChessBase"]
[PlyCount "80"]
[EventDate "2024.01.12"]
[EventType "k.o."]
[EventCountry "NET"]
[SourceTitle "playchess.com"]
[Source "ChessBase"]
[SourceQuality "1"]
[TimeControl "600+2"]

1. c4 e5 2. g3 Nf6 3. Bg2 Bc5 4. Nc3 O-O 5. e3 Re8 6. Nge2 d6 7. d3 a6 8. O-O c6 9. d4 Ba7 10. h3 Nbd7 11. e4 exd4 12. Nxd4 Ne5 13. b3 Bxh3 14. Nxc6 Nxc6 15. Bxh3 Bd4 16. Bb2 Nxe4 17. Nxe4 Rxe4 18. Bg2 Bxb2 19. Bxe4 Bxa1 20. Qxa1 Qd7 21. Rd1 Re8 22. Bg2 Qe7 23. Bxc6 bxc6 24. Qd4 d5 25. cxd5 cxd5 26. Qxd5 g6 27. Qc6 Qe2 28. Rd2 Re6 29. Qc8+ Re8 30. Rxe2 Rxc8 31. Re5 Rc6 32. g4 Kg7 33. Kg2 h6 34. Ra5 Rb6 35. f4 Kf6 36. Kf3 Ke6 37. Re5+ Kf6 38. g5+ hxg5 39. Rxg5 Kg7 40. Ra5 f5 1/2-1/2

[Event "CCT Chessable Masters Place D-III 2024"]
[Site "Online"]
[Date "2024.02.01"]
[Round "1"]
[White "Santos Latasa, Jaime"]
[Black "SpeedofLight0"]
[Result "1-0"]
[ECO "C84"]
[WhiteElo "2615"]
[BlackElo "2521"]
[Annotator "ChessBase"]
[PlyCount "151"]
[EventDate "2024.01.12"]
[EventType "k.o."]
[EventCountry "NET"]
[SourceTitle "playchess.com"]
[Source "ChessBase"]
[SourceQuality "1"]
[TimeControl "600+2"]

1. e4 e5 2. Nf3 Nc6 3. Bb5 a6 4. Ba4 Nf6 5. O-O Be7 6. d3 d6 7. c3 O-O 8. Re1 b5 9. Bc2 Bb7 10. Nbd2 Re8 11. Nf1 Bf8 12. Ng3 Nb8 13. a4 Nbd7 14. d4 g6 15. Bd3 c6 16. Bg5 Qc7 17. Qd2 Bg7 18. Bh6 Bh8 19. h3 Rad8 20. axb5 axb5 21. Qc2 Ra8 22. Rad1 Nb6 23. b3 Ba6 24. Bf1 c5 25. d5 c4 26. b4 Bb7 27. Ra1 Rxa1 28. Rxa1 Ra8 29. Qc1 Rxa1 30. Qxa1 Na4 31. Nd2 Qd7 32. Be2 Bg7 33. Be3 Bxd5 34. exd5 Nxd5 35. Nb1 Nxe3 36. fxe3 d5 37. Bd1 d4 38. Bxa4 bxa4 39. Nd2 dxe3 40. Nxc4 Qd3 41. Qa2 Qxc3 42. b5 Bh6 43. Nd6 Qc7 44. Nge4 Bf4 45. Kf1 a3 46. b6 Qc1+ 47. Ke2 Qb2+ 48. Qxb2 axb2 49. Nc3 e4 50. Ndxe4 f5 51. Nc5 Kf7 52. b7 Kf6 53. Nd3 Bb8 54. Nxb2 f4 55. Nc4 Kg5 56. Na5 Kh4 57. Kf3 g5 58. Nc6 Bc7 59. b8=Q Bxb8 60. Nxb8 h5 61. Nc6 g4+ 62. hxg4 hxg4+ 63. Kxf4 e2 64. Nxe2 g3 65. Kf3 Kg5 66. Ncd4 Kf6 67. Nxg3 Ke5 68. Ngf5 Kd5 69. g4 Kc4 70. g5 Kc3 71. g6 Kd2 72. g7 Kc3 73. g8=Q Kd3 74. Qb3+ Kd2 75. Qc2+ Ke1 76. Qc1# 1-0

[Event "CCT Chessable Masters Place D-III 2024"]
[Site "Online"]
[Date "2024.02.01"]
[Round "1"]
[White "rasmussvane"]
[Black "Predke, Alexandr"]
[Result "1/2-1/2"]
[ECO "A47"]
[WhiteElo "2612"]
[BlackElo "2668"]
[Annotator "ChessBase"]
[PlyCount "70"]
[EventDate "2024.01.12"]
[EventType "k.o."]
[EventCountry "NET"]
[SourceTitle "playchess.com"]
[Source "ChessBase"]
[SourceQuality "1"]
[TimeControl "600+2"]

1. d4 Nf6 2. Nf3 c5 3. e3 b6 4. d5 e6 5. Nc3 Bb7 6. e4 exd5 7. e5 Ng4 8. Nxd5 Nc6 9. Bg5 Qb8 10. Qd2 Nd4 11. Bc4 b5 12. Bb3 Ne6 13. O-O-O Bc6 14. h3 Nxf2 15. Qxf2 c4 16. Rhf1 Bc5 17. Be3 Bxe3+ 18. Qxe3 Qb7 19. Nh4 Bxd5 20. Nf5 O-O 21. Rxd5 cxb3 22. axb3 a5 23. Qd3 a4 24. b4 a3 25. bxa3 Kh8 26. Nd6 Qc6 27. Qxb5 Qc3 28. Qd3 Qa1+ 29. Kd2 Qa2 30. Nxf7+ Kg8 31. Rxd7 Rxa3 32. Nh6+ Kh8 33. Nf7+ Kg8 34. Nh6+ Kh8 35. Nf7+ Kg8 1/2-1/2

[Event "CCT Chessable Masters Place D-III 2024"]
[Site "Online"]
[Date "2024.02.01"]
[Round "1"]
[White "Demchenko, Anton"]
[Black "Kravtsiv, Martyn"]
[Result "1-0"]
[ECO "C54"]
[WhiteElo "2609"]
[BlackElo "2598"]
[Annotator "ChessBase"]
[PlyCount "103"]
[EventDate "2024.01.12"]
[EventType "k.o."]
[EventCountry "NET"]
[SourceTitle "playchess.com"]
[Source "ChessBase"]
[SourceQuality "1"]
[TimeControl "600+2"]

1. e4 e5 2. Nf3 Nc6 3. Bc4 Nf6 4. d3 Bc5 5. Bg5 h6 6. Bh4 d6 7. c3 Qe7 8. Nbd2 a6 9. O-O Ba7 10. b4 g5 11. Bg3 Nd7 12. b5 Na5 13. bxa6 bxa6 14. Bd5 c6 15. Bb3 Nxb3 16. axb3 O-O 17. d4 exd4 18. Nxd4 Bxd4 19. cxd4 Nf6 20. Re1 Be6 21. f4 Bg4 22. Qc2 Nh5 23. fxg5 Nxg3 24. hxg3 Qxg5 25. Qc3 d5 26. exd5 cxd5 27. Re5 Qg7 28. Rxd5 Rad8 29. Re5 Rfe8 30. Rxa6 Rxe5 31. dxe5 Bf5 32. Qe3 Rd3 33. Ra8+ Kh7 34. Qf4 Qg5 35. Nf3 Qxf4 36. gxf4 Be4 37. Ra7 Bxf3 38. gxf3 Kg6 39. Ra6+ Kg7 40. Kg2 Rxb3 41. Kg3 Re3 42. Ra4 Kg6 43. Ra6+ Kg7 44. Kf2 Rb3 45. f5 Rb5 46. f4 Rb7 47. Kg3 Rc7 48. Kg4 Rb7 49. Ra8 Rb1 50. f6+ Kh7 51. Kf5 Rb7 52. Ra1 1-0